 Dungeon Crawl Stone Soup version 0.26.0-10-g1f06aea511 (webtiles) character file.

Game seed: 1239713880592943782

41 inc the Vexing (level 3, 14/14 HPs)
             Began as a Felid Enchanter on Feb 1, 2021.
             Quit the game on level 2 of the Dungeon.
             The game lasted 00:04:48 (2048 turns).

inc the Vexing (Felid Enchanter)                    Turns: 2048, Time: 00:04:49

Health: 14/14      AC:  1    Str:  4    XL:     3   Next: 32%
Magic:  7/7        EV: 18    Int: 16    God:
Gold:   107        SH:  0    Dex: 17    Spells: 0/6 levels left
                                        Lives:  0   Deaths: 1

rFire    . . .     SeeInvis +     - Unarmed
rCold    . . .     Faith    .   (shield unavailable)
rNeg     . . .     Spirit   .   (armour unavailable)
rPois    .         Reflect  .   (helmet unavailable)
rElec    .         Harm     .   (cloak unavailable)
rCorr    .         Rampage  .   (gloves unavailable)
Will     .....                  (boots unavailable)
Stlth    +++.......             (no amulet)
HPRegen  0.04/turn              (no ring)
MPRegen  0.10/turn              (no ring)

@: quick
A: very small, no armour, no weapons or thrown items, stealth, claws 1, fangs 3,
see invisible, speed 1, shaggy fur 1, sharp paws
a: no special abilities


You were on level 2 of the Dungeon.
You visited 1 branch of the dungeon, and saw 3 of its levels.

You collected 107 gold pieces.

Inventory:

Jewellery
 b - an uncursed ring of wizardry {unknown}
Scrolls
 a - 6 scrolls of identify {unknown}
 e - 2 scrolls of immolation {unknown}
 f - a scroll of amnesia {unknown}
 g - a scroll of magic mapping {unknown}
Potions
 c - a potion of brilliance {unknown}
 d - a potion of flight {unknown}


   Skills:
 - Level 2.6 Dodging
 - Level 4.0 Stealth
 + Level 4.2 Unarmed Combat
 - Level 2.0 Spellcasting
 - Level 4.4 Hexes


You couldn't memorise any spells.
You knew the following spells:

 Your Spells              Type           Power        Failure   Level
a - Corona                Hex            16%          3%          1
b - Ensorcelled Hibernat  Hex/Ice        16%          13%         2
c - Confusing Touch       Hex            15%          11%         3

Your spell library contained the following spells:

 Spells                   Type           Power        Failure   Level
 Tukima's Dance           Hex            15%          11%         3
 Dazzling Flash           Conj/Hex       16%          26%         3


Dungeon Overview and Level Annotations

Branches:
Dungeon (3/15)

Altars:
Okawaru
Trog
Vehumet
Wu Jian
Zin

Annotations:
D:2 Robin


Innate Abilities, Weirdness & Mutations

You cannot wear armour.
You are incapable of wielding weapons or throwing items.
Your paws allow you to move quietly. (Stealth)
You have sharp claws.
You have razor-sharp teeth.
You have supernaturally acute eyesight. (SInv)
You cover ground quickly.
You are covered in fur. (AC +1)
Your sharp claws are effective at attacking unaware monsters.


Message History

Casting: Ensorcelled Hibernation (safe; 13% risk of failure)
Confirm with . or Enter, or press ? or * to list all spells.
Aiming: Ensorcelled Hibernation (safe; 13% risk of failure)
Press: ? - help, Shift-Dir - straight line, f - leopard gecko
Aim: a leopard gecko (chance to affect: 57%)
The leopard gecko resists with significant effort.
The leopard gecko bites you.
* * * LOW HITPOINT WARNING * * *
Casting: Ensorcelled Hibernation (safe; 13% risk of failure)
Confirm with . or Enter, or press ? or * to list all spells.
Aiming: Ensorcelled Hibernation (safe; 13% risk of failure)
Press: ? - help, Shift-Dir - straight line, f/p - leopard gecko
Aim: a leopard gecko (chance to affect: 57%)
The leopard gecko resists with significant effort.
The leopard gecko bites you.
You die...
You are now level 3!
You rejoin the land of the living...
Unknown command.
Are you sure you want to abandon this character and quit the game? (Confirm with "yes".)

# # # # ########## # ##...)....#
# #...#####.# # ###.#.### #.#
##########...#...# #g#
.........<.#####@# #g#
####..####...#...# #.# # #..#
###.#.### #.####### ## #..# #...#
#.gg....###### .###..# #####
#######.##...# #.##..# ###
#.##.#.#
.....g########.###########....#..
#.#....g.gg...#.#...........#####
.#....######.###.g.†g.........#.[


There were no monsters in sight!

Vanquished Creatures
  5 adders (D:2)
  A worm (D:2)
  A leopard gecko (D:2)
  3 bats (D:1)
  2 giant cockroaches
  10 goblins
  5 hobgoblins
  4 kobolds
  A quokka (D:2)
  4 frilled lizards
  A jackal skeleton (D:2)
  5 rats
42 creatures vanquished.

Notes
Turn   | Place    | Note
-------+----------+-------------------------------------------
     0 | D:1      | inc the Felid Enchanter began the quest for the Orb.
     0 | D:1      | Reached XP level 1. HP: 7/7 MP: 4/4
    66 | D:1      | You fall into a shaft and drop 1 floor!
   185 | D:2      | Found a glowing silver altar of Zin.
   239 | D:1      | Reached XP level 2. HP: 11/11 MP: 6/6
  1128 | D:2      | Noticed Robin
  1313 | D:2      | Reached XP level 3. HP: 14/14 MP: 7/7
  1485 | D:2      | Found a radiant altar of Vehumet.
  1485 | D:2      | Found a bloodstained altar of Trog.
  1486 | D:2      | Found an iron altar of Okawaru.
  1523 | D:2      | Reached XP level 4. HP: 18/18 MP: 8/8
  1532 | D:2      | Found an ornate altar of the Wu Jian Council.
  1825 | D:1      | Learned a level 2 spell: Ensorcelled Hibernation
  1829 | D:1      | Learned a level 3 spell: Confusing Touch
  2047 | D:2      | Slain by a leopard gecko
  2048 | D:2      | Reached XP level 3. HP: -1/12 MP: 4/7
  2048 | D:2      | Quit the game

Illustrated notes

Levels and vault maps discovered:
D:1:      evilmike_arrival_crescent, layout_basic, grunt_decor_arrowhead,
          minmay_misc_feat_encased
D:2:      layout_loops_ring, nicolae_overflow_hidden_temple,
          nicolae_overflow_quartered_altars, minmay_tetromino_o4, uniq_robin
D:3:      kennysheep_six_static_rooms, layout_rooms,
          chequers_temple_overflow_minitemple, fedhas_ov_isle_minmay

Skill      XL: |  1  2  3  4 |
---------------+-------------+-----
Unarmed Combat | 2 3 4 |  4.2
Dodging        | |  2.6
Stealth        | |  4.0
Spellcasting   | |  2.0
Hexes          | |  4.4

Action                   |  1- 3 |  4- 6 || total
-------------------------+-------+-------++-------
Melee: Unarmed           |   107 |    20 ||   127
       Bite              |     9 |     2 ||    11
       Punch             |     1 |       ||     1
 Cast: Ensorcelled Hiber |       |     6 ||     6
  Use: Potion            |     1 |       ||     1
 Stab: Sleeping          |    11 |     8 ||    19
Armor: Skin              |     4 |     1 ||     5
Dodge: Dodged            |    93 |     9 ||   102
